 Dungeon Crawl Stone Soup version 0.28.0-62-gf88900778d (webtiles) character file.

Game seed: 9828787510248673856

33553 jjjjhere the Bludgeoner (level 13, -4/113 HPs)
             Began as a Minotaur Arcane Marksman on Apr 22, 2023.
             Was the Champion of Okawaru.
             Killed from afar by a yellow draconian (12 damage)
             ... with a glob of acid
             ... on level 2 of the Abyss on Apr 23, 2023.
             The game lasted 00:31:03 (21934 turns).

jjjjhere the Bludgeoner (Minotaur Arcane Marksman) Turns: 21934, Time: 00:31:04

Health: -4/113     AC: 27    Str: 28      XL:     13   Next: 37%
Magic:  18/18      EV:  6    Int: 10 (13) God:    Okawaru [******]
Gold:   794        SH:  5    Dex: 12      Spells: 13/14 levels left

rFire   + + .      SeeInvis .   K - +1 morningstar (protect)
rCold   . . .      Faith    .   L - +0 buckler
rNeg    . . .      Spirit   .   R - +4 crystal plate armour "Gatelo Nuer" {rF+ Str+3}
rPois   .          Reflect  .   I - +2 hat {Int+3}
rElec   .          Harm     .   i - +1 cloak {rF+}
rCorr   .          Rampage  .   C - +0 pair of gloves
Will    .....                   (no boots)
Stlth   ..........              (no amulet)
HPRegen 0.00/turn               o - +6 ring of strength
MPRegen 0.16/turn               (no ring)

@: about to teleport, corroded, sick
A: horns 2, retaliatory headbutt
a: Renounce Religion, Heroism, Finesse, Duel


You were on level 2 of the Abyss.
You worshipped Okawaru.
Okawaru was exalted by your worship.
You visited 2 branches of the dungeon, and saw 15 of its levels.
You visited the Abyss 1 time.
You also visited: Volcano.

You collected 836 gold pieces.
You spent 42 gold pieces at shops.

Inventory:

Hand Weapons
 d - a +0 whip of venom
 F - a +2 flail of flaming
 K - a +1 morningstar of protection (weapon)
 T - a +0 broad axe of flaming
Missiles
 a - 7 atropa-tipped darts
 b - 9 javelins
 E - a throwing net
 J - 6 silver javelins (quivered)
 U - 6 boomerangs of dispersal
Armour
 i - a +1 cloak of fire resistance (worn)
 v - a +2 pair of gloves
 C - a +0 pair of gloves (worn)
 I - a +2 hat of intelligence (worn)
 L - a +0 buckler (worn)
 R - the +4 crystal plate armour "Gatelo Nuer" (worn) {rF+ Str+3}
   (Okawaru gifted it to you in a volcano)

   Str:       It affects your strength (+3).
   rF:        It protects you from fire.
Jewellery
 o - a +6 ring of strength (left hand)
 q - a +6 ring of intelligence
 P - a ring of poison resistance
 W - a ring of resist corrosion
Wands
 m - a wand of paralysis (8)
 G - a wand of mindburst (7)
 H - a wand of iceblast (10)
 O - a wand of flame (20)
 Q - a wand of polymorph (8)
Scrolls
 e - 2 scrolls of teleportation
 k - 3 scrolls of fear {unknown}
 n - 2 scrolls of immolation {unknown}
 p - a scroll of brand weapon
 s - 4 scrolls of blinking {unknown}
 t - 3 scrolls of vulnerability {unknown}
 w - a scroll of enchant weapon {unknown}
 y - 2 scrolls of acquirement {unknown}
 M - a scroll of amnesia {unknown}
 N - 2 scrolls of enchant armour
Potions
 c - a potion of brilliance
 g - 3 potions of mutation
 h - a potion of attraction
 j - 4 potions of degeneration
 l - 9 potions of curing
 r - 3 potions of heal wounds
 u - a potion of magic
 x - 4 potions of lignification
 z - a potion of resistance
 A - 3 potions of invisibility
 B - 2 potions of might
 D - 3 potions of cancellation {unknown}
 S - a potion of haste
 V - a potion of flight {unknown}


   Skills:
 + Level 10.1 Fighting
 - Level 16.0 Maces & Flails
 - Level 10.2 Throwing
 + Level 12.3 Armour
 - Level 2.1 Dodging
 - Level 5.0 Shields
 - Level 1.0 Spellcasting
 - Level 2.0 Hexes
 - Level 8.0 Invocations
 + Level 0.2 Evocations


You had 13 spell levels left.
You knew the following spells:

 Your Spells              Type           Power      Damage    Failure   Level
a - Slow                  Hex            16%        N/A       99%         1

Your spell library contained the following spells:

 Spells                   Type           Power      Damage    Failure   Level
 Apportation              Tloc           0%         N/A       100%        1
 Magic Dart               Conj           0%         1d3       100%        1
 Ensorcelled Hibernation  Hex/Ice        4%         N/A       100%        2
 Searing Ray              Conj           0%         2d4       100%        2
 Conjure Flame            Conj/Fire      0%         6-21      100%        3
 Gell's Gravitas          Tloc           0%         N/A       100%        3
 Ignite Poison            Fire/Tmut/Pois 0%         N/A       100%        3
 Inner Flame              Hex/Fire       2%         N/A       100%        3
 Lesser Beckoning         Tloc           0%         N/A       100%        3
 Ozocubu's Armour         Ice            0%         N/A       100%        3
 Portal Projectile        Hex/Tloc       4%         N/A       100%        3
 Spider Form              Tmut/Pois      0%         N/A       100%        3
 Teleport Other           Tloc           0%         N/A       100%        3
 Anguish                  Hex/Necr       1%         N/A       100%        4
 Cause Fear               Hex            2%         N/A       100%        4
 Fulminant Prism          Conj/Hex       1%         3d6       100%        4
 Passage of Golubria      Tloc           0%         N/A       100%        4
 Sticky Flame             Conj/Fire      0%         2d3       100%        4
 Alistair's Intoxication  Tmut/Pois      0%         N/A       100%        5
 Yara's Violent Unravell  Hex/Tmut       1%         3d3       100%        5
 Ozocubu's Refrigeration  Ice            0%         4d5       100%        7
 Tukima's Dance           Hex            Unusable   N/A       N/A         3

Dungeon Overview and Level Annotations

Branches:
Dungeon (10/15) Temple (0/1) D:7 D:8 Lair (5/6) D:10 Swamp (0/4) Lair:2 Spider (0/4) Lair:4 Volcano (visited) Slime: Lair:5-6 Orc: D:9-12

Altars:
Makhleb
Okawaru
Uskayaw
Yredelemnul

Shops:
D:2 [   D:3 [   D:5 (   D:6 (   D:8 *

Annotations:
D:6 2 transporters, Mickster's ghost, novice DEWn
D:9 Erolcha
Lair:4 Sonja


Innate Abilities, Weirdness & Mutations

You have a pair of horns on your head.
You reflexively headbutt those who attack you in melee.


Message History

* * * LOW HITPOINT WARNING * * *
The quasit bites you but does no damage.
The quasit claws you but does no damage. x2
An ancient zyme comes into view.
You feel yourself growing ill in the presence of the ancient zyme.
You feel much better. You block the quasit's attack.
The quasit claws you but does no damage.
You block the quasit's attack.
You impale the quasit!!
You kill the quasit!
That felt strangely unrewarding.
The yellow draconian spits acid at you.
The glob of acid hits you but does no damage.
The acid corrodes you!
You feel ill.
A sun demon comes into view.
The sun demon shouts!
You feel ill. The sun demon hits you!
You are engulfed in flames.
You resist.
As you read the scroll of teleportation, it crumbles to dust.
You feel strangely unstable.
You feel the power of the Abyss delaying your translocation!
An ufetubus comes into view.
The sun demon barely misses you. The sun demon hits you.
* * * LOW HITPOINT WARNING * * *
You are engulfed in flames.
You resist.
* * * LOW HITPOINT WARNING * * *
Okay, then.
You're wearing all the rings you can.
Remove which one? (? for menu, Esc to cancel) < or
o - a +6 ring of strength; > or
P - a ring of poison resistance You remove your ring of poison resistance.
The sun demon hits you!
* * * LOW HITPOINT WARNING * * *
You are engulfed in flames.
You resist.
* * * LOW HITPOINT WARNING * * *
The yellow draconian spits acid at you. The glob of acid hits you!
You die...

§.# .#..#..##.d## #
... #.§....#..d###...#
.. #.#.###...#.x#..##
.. ...###X####.†.## #.
#.§§.##x## #...#
##..###..#§.#........#
#...#.##.#X.#.# #### .
####..d.....x# #..# #.
#...@3.#..X..§ .# .
....#.##x........ § .
.. ###..#..##§ ...
.#.#5..##. ..#
§##...#...# # . # #.#
#..... §.## .##.. ..
5# #


You could see a yellow draconian (catching breath), a sun demon, an ancient
zyme, a large abomination, a small abomination and an ufetubus (wandering).

Vanquished Creatures
  Kirke (Lair:3)
  A tentacled starspawn (Abyss:2)
  Gastronok (D:8)
  A red draconian (Volcano)
  2 hydras
  3 death yaks (Lair:4)
  3 thrashing horrors (Abyss:2)
  A sixfirhy (Abyss:2)
  A salamander mystic (Volcano)
  A lindwurm (Lair:1)
  2 bog bodies (Lair:2)
  A manticore (shapeshifter) (Abyss:2)
  6 salamanders (Volcano)
  10 elephants
  2 black mambas
  A smoke demon (Abyss:2)
  A freezing wraith (Abyss:2)
  11 cane toads
  2 rime drakes
  8 komodo dragons
  An ancient zyme (Abyss:2)
  A meliai (Lair:3)
  A troll (D:9)
  6 dream sheep (Lair:4)
  3 blink frogs (Lair:1)
  2 large abominations (Abyss:2)
  A wraith (Abyss:2)
  2 ynoxinuls (Abyss:2)
  A shadow (D:10)
  21 yaks
  5 wyverns
  4 humans (Lair:4)
  4 vampire mosquitoes (D:10)
  2 chaos spawn (Abyss:2)
  3 basilisks
  2 neqoxecs (Abyss:2)
  Edmund (D:5)
  An acid dragon (D:10)
  A hell hound (Abyss:2)
  13 water moccasins
  3 orc warriors
  A black bear (D:10)
  3 sky beasts
  9 wolves
  3 necrophages
  4 centaurs
  A phantom (D:5)
  2 kobold brigands
  12 bullfrogs
  A gnoll sergeant (D:7)
  3 scorpions
  4 small abominations (Abyss:2)
  24 killer bees
  5 wights (D:10)
  3 howler monkeys
  An electric eel (Lair:3)
  A bullfrog zombie (D:7)
  6 orc priests
  5 hounds
  2 jellies
  A quasit (Abyss:2)
  An iron imp (Abyss:2)
  2 centaur zombies
  2 bullfrog skeletons
  2 centaur skeletons (D:7)
  2 gnoll shamans
  3 iguanas
  5 orc wizards
  Ijyb (D:5)
  A killer bee zombie (D:7)
  Robin (D:2)
  16 gnolls
  A howler monkey skeleton (D:5)
  5 adders
  A shadow imp (D:5)
  3 ufetubi (Abyss:2)
  2 worms
  26 orcs
  12 endoplasms
  7 giant cockroaches
  15 goblins
  9 hobgoblins
  16 kobolds
  4 quokkas
  6 ball pythons
  A bat (D:3)
  3 frilled lizards
  6 rats
381 creatures vanquished.

Vanquished Creatures (others)
  31 fungi
  38 plants
  2 starspawn tentacles (Abyss:2)
71 creatures vanquished.

Grand Total: 452 creatures vanquished

Notes
Turn   | Place    | Note
-------+----------+-------------------------------------------
     0 | D:1      | jjjjhere the Minotaur Arcane Marksman began the quest for
                  | the Orb.
     0 | D:1      | Reached XP level 1. HP: 16/16 MP: 1/1
   170 | D:1      | Reached skill level 1 in Maces & Flails
   209 | D:1      | Reached XP level 2. HP: 24/24 MP: 2/2
   349 | D:1      | Reached skill level 2 in Maces & Flails
  1182 | D:1      | Reached XP level 3. HP: 24/29 MP: 1/3
  1562 | D:2      | Reached skill level 3 in Maces & Flails
  1649 | D:2      | Found a burning altar of Makhleb.
  1731 | D:2      | Noticed Robin
  1771 | D:2      | Killed Robin
  1772 | D:2      | Reached XP level 4. HP: 31/37 MP: 4/4
  1899 | D:2      | Found Jenan's Armour Boutique.
  2170 | D:2      | Reached skill level 4 in Maces & Flails
  3588 | D:4      | Reached XP level 5. HP: 43/45 MP: 5/5
  3761 | D:4      | Found an iron altar of Okawaru.
  3770 | D:4      | Became a worshipper of Warmaster Okawaru
  3896 | D:4      | Reached skill level 5 in Maces & Flails
  3934 | D:4      | HP: 12/46 [gnoll shaman/+0 whip (6)]
  4373 | D:4      | Reached XP level 6. HP: 37/52 MP: 6/6
  4383 | D:4      | HP: 9/52 [orc priest/divine providence (11)]
  4883 | D:4      | Reached skill level 6 in Maces & Flails
  5485 | D:5      | Entered Level 5 of the Dungeon
  5726 | D:5      | Reached skill level 5 in Fighting
  5741 | D:5      | Reached * piety under Okawaru
  5759 | D:5      | Reached skill level 7 in Maces & Flails
  5764 | D:5      | Reached XP level 7. HP: 39/61 MP: 7/7
  5890 | D:5      | Found a hide-covered altar of Uskayaw.
  6073 | D:5      | Found Fitil's Weapon Shop.
  6130 | D:5      | Noticed Ijyb
  6149 | D:5      | Killed Ijyb
  6150 | D:5      | Reached skill level 8 in Maces & Flails
  6498 | D:5      | Noticed Edmund
  6518 | D:5      | Killed Edmund
  6518 | D:5      | Reached ** piety under Okawaru
  6519 | D:5      | Reached skill level 1 in Invocations
  6523 | D:5      | Found a basalt altar of Yredelemnul.
  6532 | D:5      | Reached skill level 9 in Maces & Flails
  6532 | D:5      | Reached XP level 8. HP: 52/70 MP: 8/8
  6838 | D:6      | Found a transporter.
  6884 | D:6      | Noticed Mickster's ghost (novice DEWn)
  7485 | D:6      | Found Wiesaa's Weapon Shop.
  7667 | D:6      | Reached skill level 10 in Maces & Flails
  7769 | D:6      | Found a transporter.
  7928 | D:7      | Reached skill level 1 in Armour
  8082 | D:6      | Reached *** piety under Okawaru
  8085 | D:6      | HP: 19/70 [killer bee (5)]
  8087 | D:6      | HP: 9/70 [killer bee (5)]
  8087 | D:6      | HP: 4/70 [killer bee (5)]
  8664 | D:7      | Found a staircase to the Ecumenical Temple.
  8676 | D:7      | Reached skill level 11 in Maces & Flails
  9199 | D:7      | Reached XP level 9. HP: 64/75 MP: 10/10
 10198 | D:8      | Found Wushi's Assorted Antiques.
 10239 | D:8      | Reached skill level 12 in Maces & Flails
 10341 | D:8      | Bought a scroll of identify for 42 gold pieces
 10680 | D:8      | Noticed Gastronok
 10715 | D:8      | Killed Gastronok
 10715 | D:8      | Received a gift from Okawaru
 10716 | D:8      | Reached skill level 13 in Maces & Flails
 10984 | D:8      | Noticed a five-headed hydra
 10992 | D:8      | Killed a five-headed hydra
 10993 | D:8      | Reached skill level 14 in Maces & Flails
 10993 | D:8      | Reached XP level 10. HP: 48/83 MP: 8/11
 12054 | D:9      | Reached **** piety under Okawaru
 12204 | D:9      | Noticed Erolcha
 12214 | D:8      | Received a gift from Okawaru
 12707 | D:10     | Entered Level 10 of the Dungeon
 12980 | D:10     | Received a gift from Okawaru
 13092 | D:10     | Reached skill level 5 in Throwing
 13516 | D:10     | Reached skill level 1 in Shields
 13574 | D:10     | Reached skill level 15 in Maces & Flails
 13671 | D:10     | Found a staircase to the Lair.
 13687 | D:10     | Reached ***** piety under Okawaru
 13779 | D:10     | Reached XP level 11. HP: 89/89 MP: 12/12
 13903 | D:10     | Identified the +3 ring mail "Jelavopp" {Str+5}
 14168 | Lair:1   | Entered Level 1 of the Lair of Beasts
 14294 | Lair:1   | Reached skill level 5 in Shields
 14475 | Lair:1   | Noticed a six-headed hydra
 14483 | Lair:1   | Killed a six-headed hydra
 14483 | Lair:1   | Received a gift from Okawaru
 14877 | Lair:1   | Reached skill level 16 in Maces & Flails
 15264 | Lair:1   | Noticed a lindwurm
 15270 | Lair:1   | HP: 26/89 [lindwurm/blast of flame (26)]
 15277 | Lair:1   | Killed a lindwurm
 15988 | Lair:2   | Found a dark tunnel.
 16014 | Volcano  | Entered a volcano
 16073 | Volcano  | Noticed a salamander mystic
 16084 | Volcano  | Killed a salamander mystic
 16087 | Volcano  | Found a radiant altar of Vehumet.
 16088 | Volcano  | Noticed a red draconian
 16101 | Volcano  | Identified the +4 crystal plate armour "Gatelo Nuer" {rF+
                  | Str+3} (Okawaru gifted it to you in a volcano)
 16101 | Volcano  | Received a gift from Okawaru
 16102 | Volcano  | Reached XP level 12. HP: 48/101 MP: 13/13
 16443 | Volcano  | HP: 30/103 [salamander/+4 trident (8)]
 16445 | Volcano  | Killed a red draconian
 16453 | Volcano  | Reached ****** piety under Okawaru
 16814 | Lair:2   | Reached skill level 10 in Throwing
 16844 | Lair:2   | Found a staircase to the Swamp.
 16924 | Lair:2   | Reached skill level 10 in Fighting
 17103 | Lair:2   | You fall into a shaft and drop 1 floor!
 17799 | Lair:3   | Reached skill level 5 in Invocations
 17801 | Lair:3   | Reached skill level 10 in Armour
 18516 | Lair:4   | Noticed a death yak
 18516 | Lair:4   | Noticed a death yak
 18519 | Lair:4   | Noticed a death yak
 18531 | Lair:4   | Killed a death yak
 18531 | Lair:4   | Received a gift from Okawaru
 18535 | Lair:4   | Killed a death yak
 18545 | Lair:4   | Killed a death yak
 18975 | Lair:4   | Noticed Kirke
 19018 | Lair:3   | HP: 15/106 [lindwurm/blast of flame[Kirke] (43)]
 19022 | Lair:3   | HP: 1/106 [lindwurm/blast of flame[Kirke] (7)]
 19519 | Lair:3   | Noticed a sphinx
 19520 | Lair:3   | Killed Kirke
 19521 | Lair:3   | Reached XP level 13. HP: 113/113 MP: 14/16
 19747 | Lair:4   | Received a gift from Okawaru
 20051 | Lair:4   | Found a hole to the Spider Nest.
 20278 | Lair:4   | HP: 34/113 [komodo dragon (20)]
 20284 | Lair:4   | Received a gift from Okawaru
 21134 | Lair:5   | Noticed Sonja
 21315 | Lair:4   | Cast into level 2 of the Abyss (Sonja)
 21335 | Abyss:2  | Noticed a lich
 21482 | Abyss:2  | Noticed a lich
 21698 | Abyss:2  | Noticed a tentacled starspawn
 21707 | Abyss:2  | Killed a tentacled starspawn
 21882 | Abyss:2  | HP: 22/113 [large abomination (24)]
 21890 | Abyss:2  | HP: 34/113 [large abomination (17)]
 21908 | Abyss:2  | Noticed a yellow draconian
 21918 | Abyss:2  | HP: 20/113 [small abomination (15)]
 21930 | Abyss:2  | HP: 34/113 [sun demon (5)]
 21934 | Abyss:2  | HP: 13/113 [sun demon (15)]
 21934 | Abyss:2  | Killed from afar by a yellow draconian

Illustrated notes

Levels and vault maps discovered:
D:1:      dpeg_arrival_rhombus, layout_basic
D:2:      layout_basic, serial_shops, shop, basic_altar, uniq_robin
D:3:      layout_basic, kennysheep_small_spiral
D:4:      layout_basic, okawaru_ov_weapons_minmay
D:5:      layout_rooms, old_standard_altar, serial_rivers,
          chequers_serial_rivers_micro_c, chequers_serial_rivers_room_b,
          chequers_serial_rivers_micro_e, chequers_serial_rivers_micro_e,
          chequers_serial_rivers_small_b, serial_shops, nicolae_shop_waterfront,
          minmay_ruined_shrine, uniq_ijyb, uniq_edmund
D:6:      layout_cave_pools, gammafunk_ghost_stat_death, serial_shops,
          nicolae_shop_bloodbath_and_beyond
D:7:      layout_layer_cave, minmay_temple_entry_butterflies
D:8:      layout_layer_cave, serial_shops, nicolae_shop_overgrown_old_shop,
          kennysheep_generic_room_15, uniq_gastronok
D:9:      layout_cross, erik_orc_1, uniq_erolcha
D:10:     layout_basic, david_lair_generic
Lair:1:   layout_regular_city, nicolae_lair_lindhole
Lair:2:   layout_concentric_octagons, skrybe_swamp_entry_bodies,
          gauntlet_entry_generic, nicolae_volcano_entry_lava_flow
Lair:3:   layout_cave_pods, chequers_serial_rivers_large_a,
          infiniplex_staircase_pool
Lair:4:   layout_regular_city, hellmonk_spider_entry_not_the_bees, uniq_kirke
Lair:5:   layout_loops_ring, minmay_slime_entry_jelly_boxes, special_room
          [special_room_bee], uniq_sonja
Abyss:2:  base: D:12, hangedman_abyss_or_decor_slice

Skill      XL: |  1  2  3  4  5  6  7  8  9 10 11 12 13 |
---------------+----------------------------------------+-----
Maces & Flails | 1 2 3 4 5 7 9 11 14 15 16 | 16.0
Fighting       | 2 3 4 5 7 10 | 10.1
Invocations    | 1 3 6 8 |  8.0
Armour         | 3 7 8 11 12 | 12.3
Throwing       | 5 9 10 | 10.2
Shields        | 3 5 |  5.0
Dodging        | |  2.1
Spellcasting   | |  1.0
Hexes          | |  2.0
Evocations     | |  0.2

Action                   |  1- 3 |  4- 6 |  7- 9 | 10-12 | 13-15 || total
-------------------------+-------+-------+-------+-------+-------++-------
Melee: Whip              |    99 |   168 |   140 |       |       ||   407
       Headbutt          |    11 |    35 |    41 |   137 |    74 ||   298
       Punch             |     1 |     1 |     7 |       |       ||     9
       Flail             |       |       |   100 |    98 |       ||   198
       Morningstar       |       |       |       |   477 |   300 ||   777
       Unarmed           |       |       |       |     2 |       ||     2
Throw: Boomerang         |     7 |       |    11 |    48 |    17 ||    83
       Javelin           |     1 |       |     8 |       |     3 ||    12
       Throwing net      |       |     2 |       |     2 |       ||     4
 Cast: Slow              |     3 |     8 |     1 |       |       ||    12
Invok: Heroism           |       |       |     4 |    11 |     4 ||    19
       Finesse           |       |       |       |     1 |       ||     1
Evoke: Wand              |       |       |       |     1 |       ||     1
  Use: Scroll            |       |       |    10 |     7 |     4 ||    21
       Potion            |       |       |     1 |     4 |     3 ||     8
 Stab: Held in net/web   |       |       |       |     1 |       ||     1
       Distracted        |       |       |       |       |     1 ||     1
Armor: Robe              |     5 |       |       |       |       ||     5
       Ring mail         |    13 |    36 |     1 |       |       ||    50
       Plate armour      |       |       |   142 |   246 |       ||   388
       Crystal plate arm |       |       |       |   127 |   256 ||   383
Dodge: Dodged            |    53 |    71 |    81 |   202 |    74 ||   481
Block: Buckler           |       |       |       |   104 |    62 ||   166
